 Dungeon Crawl Stone Soup version 0.22.0-34-g4f65f92 (webtiles) character file.

70 pandag the Ducker (level 4, -3/23 (37) HPs)
             Began as a Ghoul Gladiator on Aug 24, 2018.
             Was an Initiate of Qazlal.
             Slain by an ogre
             ... wielding a +0 giant spiked club
              (10 damage)
             ... on level 5 of the Dungeon.
             The game lasted 00:12:54 (3473 turns).

pandag the Ducker (Ghoul Gladiator)                 Turns: 3473, Time: 00:12:54

HP:   -3/23 (37)    AC:  6    Str: 18    XL:     4   Next: 22%
MP:   3/3           EV: 12    Int:  3    God:    Qazlal [......]
Gold: 39            SH:  0    Dex: 10    Spells: 3/3 levels left

rFire    . . .     SeeInvis .   u - +0 war axe
rCold    + . .     Gourm    .   (no shield)
rNeg     + + +     Faith    .   i - +0 ring mail
rPois    ∞         Spirit   .   c - +0 helmet
rElec    .         Reflect  .   (no cloak)
rCorr    .         Harm     .   (no gloves)
MR       .....                  (no boots)
Stlth    +.........             (no amulet)
HPRegen  0.00/turn              (no ring)
MPRegen  0.08/turn              (no ring)

@: rotting
A: rotting body, claws 1, carnivore, cold resistance 1, negative energy
resistance 3, inhibited regeneration, torment resistance, unbreathing
a: Renounce Religion


You were on level 5 of the Dungeon.
You worshipped Qazlal.
Qazlal was noncommittal.
You were near starving.

You visited 2 branches of the dungeon, and saw 6 of its levels.

You collected 39 gold pieces.

Inventory:

Hand Weapons
 a - a +0 rapier
 e - a cursed -1 club
 k - a +0 dagger
 l - a +0 spear
 n - a +0 club
 u - a +0 war axe (weapon)
Missiles
 d - 3 throwing nets (quivered)
 f - 12 arrows
 g - 22 sling bullets
 j - 13 stones
 p - 14 bolts
Armour
 b - a +0 leather armour
 c - a +0 helmet (worn)
 h - a +1 centaur barding
 i - a +0 ring mail (worn)
Scrolls
 m - 2 scrolls of identify
 o - a scroll of immolation {unknown}
 t - a scroll of teleportation {unknown}
Potions
 r - a potion of curing {unknown}
 s - a potion of degeneration {unknown}
Comestibles
 q - a ration


   Skills:
 + Level 2.4 Fighting
 + Level 3.1 Short Blades
 + Level 0.3(0.4) Axes
 + Level 0.2(0.3) Polearms
 + Level 1.8 Throwing
 + Level 1.5 Armour
 + Level 3.3 Dodging
 + Level 0.8 Stealth


You had 3 spell levels left.
You didn't know any spells.
Your spell library was empty.

Dungeon Overview and Level Annotations

Branches:
Dungeon (5/15)             Temple (1/1) D:5

Altars:
Ashenzari
Cheibriados
Dithmenos
Elyvilon
Fedhas
Gozag
Makhleb
Nemelex Xobeh
Qazlal
Ru
Sif Muna
Trog
Uskayaw
Vehumet
Yredelemnul
Zin
The Shining One


Innate Abilities, Weirdness & Mutations

Your body is rotting away.
You thrive on raw meat.
You are immune to poison.
You have sharp fingernails.
You are carnivorous and can eat meat at any time.
Your flesh is cold resistant. (rC+)
You are immune to negative energy. (rN+++)
You do not regenerate when monsters are visible.
You are immune to unholy pain and torment.
You can survive without breathing.


Message History

You barely miss the ogre.
The ogre is lightly wounded.
The ogre barely misses you.
You barely miss the ogre.
The ogre is lightly wounded.
The ogre misses you.
You slash the ogre!
The ogre is heavily wounded.
The ogre misses you.
You barely miss the ogre.
The ogre is heavily wounded.
The ogre barely misses you.
You slash the ogre!
The ogre is almost dead.
The ogre hits you with a giant spiked club!
Ouch! That really hurt!
You hit the ogre but do no damage.
The ogre is almost dead.
The ogre hits you with a giant spiked club!
You die...

# .#
#########.#####
.....ZO@......#
#######..#...#.
#.........>.#
#.###.#.#...#
#.# #.......#
#.#####.##..#
#...# .# .#
###.# . . #.#
#### ##### #


You could see an ogre and a quokka zombie.

Vanquished Creatures
  A crimson imp (D:5)
  An ooze (D:4)
  A worm (D:4)
  A dart slug (D:4)
  2 leopard geckos
  A bat (D:1)
  A goblin (D:2)
  3 hobgoblins
  5 jackals
  A quokka (D:2)
  4 kobolds
  3 rats (D:1)
24 creatures vanquished.

Vanquished Creatures (others)
  5 toadstools (D:3)
5 creatures vanquished.

Grand Total: 29 creatures vanquished

Notes
Turn   | Place    | Note
-------+----------+-------------------------------------------
     0 | D:1      | pandag the Ghoul Gladiator began the quest for the Orb.
     0 | D:1      | Reached XP level 1. HP: 17/17 MP: 0/0
  1077 | D:1      | Reached XP level 2. HP: 23/23 MP: 1/1
  2098 | D:3      | Reached XP level 3. HP: 9/17 MP: 2/2
  2698 | D:5      | Entered Level 5 of the Dungeon
  2698 | D:5      | Found a glowing silver altar of Zin.
  2698 | D:5      | Found a blossoming altar of Fedhas.
  2702 | D:5      | Found a staircase to the Ecumenical Temple.
  2821 | D:5      | Found a stormy altar of Qazlal.
  2823 | D:5      | Found a basalt altar of Yredelemnul.
  2834 | D:5      | Reached skill level 1 in Armour
  2834 | D:5      | Reached XP level 4. HP: 6/35 MP: 3/3
  3060 | D:5      | Became a worshipper of Qazlal Stormbringer
  3099 | Temple   | Entered the Ecumenical Temple
  3462 | D:5      | Noticed an ogre
  3473 | D:5      | Slain by an ogre

Skill      XL: |  1  2  3 |
---------------+----------+-----
Dodging        | 3 |  3.3
Short Blades   | 3 |  3.1
Armour         | 1 |  1.5
Fighting       | |  2.4
Axes           | |  0.3
Polearms       | |  0.2
Throwing       | |  1.8
Stealth        | |  0.8

Action                   |  1- 3 |  4- 6 || total
-------------------------+-------+-------++-------
Melee: Rapier            |    70 |       ||    70
       Spear             |    26 |       ||    26
       Dagger            |    13 |       ||    13
       War axe           |    55 |    10 ||    65
  Use: Scroll            |     2 |       ||     2
       Potion            |     1 |       ||     1
  Eat: Ration            |     2 |     1 ||     3
Armor: Ring mail         |    94 |       ||    94
       Leather armour    |     6 |       ||     6
Dodge: Dodged            |   172 |     9 ||   181
